 Dungeon Crawl Stone Soup version 0.31.0-9-g3a7656b989 (webtiles) character file.

Game seed: 3492620662477365278

322 EnegeticOcto the Ruffian (level 6, 61/61 HPs)
             Began as a Troll Monk on Jan 31, 2024.
             Quit the game on level 3 of the Dungeon.
             The game lasted 00:01:11 (1602 turns).

EnegeticOcto the Ruffian (Troll Monk)               Turns: 1602, Time: 00:01:12

Health: 61/61      AC:  4    Str: 20    XL:     6   Next: 22%
Magic:  5/5        EV: 11    Int:  6    God:
Gold:   193        SH:  0    Dex: 14    Spells: 5/5 levels left

rFire   . .          .
                       - Unarmed
rCold   . . .        c - orb {light}
rNeg    . . .        a - +0 robe
rPois   .            (helmet restricted)
rElec   .            (no cloak)
rCorr   .            (gloves unavailable)
SInv    .            (boots unavailable)
Will    .....        (no amulet)
Stlth   +            (no ring)
HPRegen 1.10/turn    (no ring)
MPRegen 0.09/turn

%: no passive effects
@: glowing
A: large, unfitting armour, claws 3, regeneration 1, shaggy fur 1, tough skin 1
a: no special abilities


You were on level 3 of the Dungeon.
You visited 1 branch of the dungeon, and saw 3 of its levels.

You collected 193 gold pieces.

Inventory:

Armour
 a - a +0 robe (worn)
 c - an orb of light (worn)
Jewellery
 e - a +5 ring of evasion
   (You found it on level 1 of the Dungeon)
Scrolls
 d - 2 scrolls of fear {unknown}
 f - a scroll of immolation {unknown}
 h - a scroll of enchant weapon {unknown}
 i - 2 scrolls of fog {unknown}
 j - 3 scrolls of teleportation {unknown}
 k - a scroll of silence {unknown}
 l - a scroll of poison {unknown}
 p - a scroll of torment {unknown}
 r - 3 scrolls of blinking {unknown}
 t - a scroll of enchant armour {unknown}
Potions
 b - a potion of ambrosia
 g - a potion of might {unknown}
 m - a potion of curing {unknown}
 n - a potion of heal wounds {unknown}
 o - 2 potions of invisibility {unknown}
 q - a potion of enlightenment {unknown}
 s - a potion of brilliance {unknown}


   Skills:
 + Level 3.5 Fighting
 + Level 3.5 Dodging
 * Level 5.4 Unarmed Combat


You had 5 spell levels left.
You didn't know any spells.
Your spell library contained the following spells:

 Spells                   Type           Power      Damage    Failure   Level
 Sandblast                Erth           0%         2d4       45%         1
 Sting                    Conj/Alch      0%         1d3       45%         1
 Passwall                 Erth           0%         N/A       83%         3
 Stone Arrow              Conj/Erth      0%         3d7       83%         3
 Summon Ice Beast         Ice/Summ       0%         N/A       83%         3
 Brom's Barrelling Bould  Conj/Erth      0%         2d3       99%         4
 Orb of Destruction       Conj           0%         9d5       100%        7
 Lehudib's Crystal Spear  Conj/Erth      0%         10d2      100%        8


Dungeon Overview and Level Annotations

Branches:
Dungeon (3/15) Zot: 16407

Altars:

Shops:
D:3 :

Annotations:
D:3 1 runed translucent door, Fildev's ghost, amateur SpBr


Innate Abilities, Weirdness & Mutations

You are too large for most types of armour.
You have claws for hands.
Your natural rate of healing is unusually fast.
You are covered in fur. (AC +1)
You have tough skin. (AC +1)


Message History

You now have 98 gold pieces (gained 9).
Things that are here:
a +0 trident; a +0 short sword; a +0 chain mail
Things that are here:
a +0 club; a goblin corpse; a bat corpse
Found a stone staircase leading up.
You now have 112 gold pieces (gained 14).
r - 3 scrolls labelled KEAMAAQASOLEE
s - a pink potion
Found a leather armour.
You see here a +0 leather armour.
t - a scroll labelled UFFUAXKEAH You now have 122 gold pieces (gained 10).
You now have 132 gold pieces (gained 10).
A goblin comes into view. It is wielding a +0 dagger.
The goblin shouts!
A goblin is nearby!
The goblin hits you but does no damage.
You scratch the goblin.
You kill the goblin!
No target in view!
No target in view!
No target in view!
No target in view!
No target in view!
A hobgoblin comes into view.
A hobgoblin is nearby!
A hobgoblin is nearby!
A hobgoblin is nearby!
The hobgoblin hits you.
You barely miss the hobgoblin. You scratch the hobgoblin.
You kill the hobgoblin!
No target in view!
No target in view!
No target in view!
Found a runed translucent door.
You now have 150 gold pieces (gained 18).
Fildev's ghost says, "You will never get the ORB!"
Fildev's ghost shouts, "I was like you once."
A ball python comes into view.
The ball python hisses angrily.
You hear a shout!
For a moment, you lose track of Fildev's ghost.
A ball python is nearby!
A ball python is nearby!
You claw the ball python!
You kill the ball python!
No target in view!
No target in view!
No target in view!
No target in view!
No target in view!
A hobgoblin comes into view.
Found a scroll labelled QYIBRA ULIN.
The hobgoblin shouts!
A hobgoblin is nearby!
A hobgoblin is nearby!
A hobgoblin is nearby!
The hobgoblin hits you but does no damage.
You barely miss the hobgoblin. The hobgoblin closely misses you.
You scratch the hobgoblin but do no damage.
The hobgoblin barely misses you.
You claw the hobgoblin!
You kill the hobgoblin!
No target in view!
No target in view!
No target in view!
You see here a hobgoblin corpse.
You see here the +1 robe of Zijaummo {Dex+5}.
j - 3 scrolls labelled QYIBRA ULIN (gained 1)
Found Fakketug's Book Emporium.
There is an entrance to Fakketug's Book Emporium here.
Fildev's ghost tries to blend into its surroundings.
You now have 168 gold pieces (gained 18).
Found 5 stones.
You see here 5 stones.
You now have 193 gold pieces (gained 25).
Fildev's ghost lets out a mournful wail.
Things that are here:
a +0 dagger; a +0 chain mail; a +0 dagger
Things that are here:
a +0 trident; a +0 short sword; a +0 chain mail
Things that are here:
a +0 club; a goblin skeleton; a bat skeleton
Things that are here:
a +0 trident; a +0 short sword; a +0 chain mail
Things that are here:
a +0 dagger; a +0 chain mail; a +0 dagger Could not explore, unopened runed door.
Could not explore, unopened runed door.
Could not explore, unopened runed door.
No reachable target in view!
No reachable target in view!
No reachable target in view!
No reachable target in view!
No reachable target in view!
No reachable target in view!
No reachable target in view!
Search for what [? for help]? al Are you sure you want to abandon this character and quit the game? (Confirm with "yes".)

......###.................# #
.#........##....########..## #
...###........#.# #...# # ####
##.........### #.#[### # ##
##...###.....### #.#...# .#
##...##⌠##......# #.###.## .#
#...##...##...#.####..##..# .#
#..##..!..##..#...###.###.### .#
#..#⌠..♣..W+@..##...#.......#
.####..##..?..##...####.####.##..
....#...##...##.....###..###.###.
#.#.##...##⌠##...##...##.........
#...###...###...#####.######.###.
##..###........## #.######..###
###..##.#.....#######....÷.......
......................###.##..###
###.##..################.....###.


You could see Fildev's ghost.

Vanquished Creatures
  Grinder (D:3)
  3 gnolls (D:2)
  2 adders (D:2)
  A dart slug (D:1)
  A ribbon worm (D:2)
  5 orcs (D:3)
  9 bats
  5 endoplasms
  4 giant cockroaches
  8 goblins
  4 hobgoblins
  3 jackals (D:2)
  7 kobolds
  3 quokkas
  7 ball pythons
  2 frilled lizards (D:2)
  3 rats
68 creatures vanquished.

Notes
Turn   | Place    | Note
-------+----------+-------------------------------------------
     0 | D:1      | EnegeticOcto the Troll Monk began the quest for the Orb.
     0 | D:1      | Reached XP level 1. HP: 22/22 MP: 0/0
    60 | D:1      | Reached XP level 2. HP: 29/29 MP: 1/1
    65 | D:1      | Got Plog's Compendium of the Collective Salvo
   273 | D:1      | Reached XP level 3. HP: 36/36 MP: 2/2
   597 | D:2      | You fall into a shaft and drop 1 floor!
   664 | D:2      | Reached skill level 4 in Unarmed Combat
   774 | D:2      | Reached XP level 4. HP: 31/44 MP: 3/3
   777 | D:2      | Reached skill level 3 in Dodging
   780 | D:2      | Reached skill level 3 in Fighting
  1161 | D:3      | Noticed Grinder
  1183 | D:3      | Paralysed by Grinder for 5 turns
  1196 | D:3      | Killed Grinder
  1197 | D:3      | Reached skill level 5 in Unarmed Combat
  1197 | D:3      | Reached XP level 5. HP: 24/53 MP: 4/4
  1197 | D:3      | Reached XP level 6. HP: 27/61 MP: 5/5
  1326 | D:3      | Found a runed translucent door.
  1328 | D:3      | Noticed Fildev's ghost (amateur SpBr)
  1366 | D:3      | Identified the +1 robe of Zijaummo {Dex+5}
  1373 | D:3      | Found Fakketug's Book Emporium.
  1602 | D:3      | Quit the game

Illustrated notes

Levels and vault maps discovered:
D:1:      lightli_arrival_windingriver, layout_basic
D:2:      minmay_recursive_quarters, layout_basic
D:3:      layout_rooms, serial_shops, shop, hellmonk_ghost_happy_afterlife,
          uniq_grinder

Skill      XL: |  1  2  3  4 |
---------------+-------------+-----
Unarmed Combat | 4 5 |  5.4
Dodging        | 3 |  3.5
Fighting       | 3 |  3.5

Action                     |  1- 3 |  4- 6 || total
---------------------------+-------+-------++-------
  Melee: Unarmed           |    84 |    44 ||   128
 Armour: Robe              |    55 |    32 ||    87
  Dodge: Dodged            |    39 |    25 ||    64

Table legend:
 A = Kills in this place as a percentage of kills in the entire game.
 B = Kills by you in this place as a percentage of kills by you in the entire game.
 C = Kills by friends in this place as a percentage of kills by friends in the entire game.
 D = Other kills in this place as a percentage of other kills in the entire game.
 E = Experience gained in this place as a percentage of experience gained in the entire game.
 F = Experience gained in this place divided by the number of levels of this place that you have seen.
                   A       B       C       D       E      F
               +-------+-------+-------+-------+-------+----------------------
         Total | 100.0 | 100.0 |   N/A |   N/A | 100.0 | 153.7
       Dungeon | 100.0 | 100.0 |   N/A |   N/A | 100.0 | 153.7
               +-------+-------+-------+-------+-------+----------------------

Table legend: (Time is in decaauts)
 A = Elapsed time spent in this place.
 B = Non-inter-level travel time spent in this place.
 C = Inter-level travel time spent in this place.
 D = Time resting spent in this place.
 E = Time spent auto-exploring this place.
 F = Levels seen in this place.
 G = Mean time per level.
                   A        B        C        D        E       F      G
               +--------+--------+--------+--------+--------+-----+--------+
         Total |   1592 |   1552 |     40 |      0 |   1239 |   3 |  530.7 |
       Dungeon |   1592 |   1552 |     40 |      0 |   1239 |   3 |  530.7 |
               +--------+--------+--------+--------+--------+-----+--------+

Top non-repeatable levels by time:
     D:2: 654 daAuts
     D:3: 533 daAuts
     D:1: 405 daAuts
